 Dungeon Crawl Stone Soup version 0.27-a0-416-gca2cecf3c0 (webtiles) character file.

Game seed: 7744004777706981539

20 dickylongcocking the Insei (level 2, 0/18 HPs)
             Began as an Octopode Transmuter on Feb 25, 2021.
             Succumbed to a gnoll's poison
             ... on level 4 of the Dungeon.
             The game lasted 00:00:31 (440 turns).

dickylongcocking the Insei (Octopode Transmuter)     Turns: 440, Time: 00:00:32

Health: 0/18       AC:  1    Str:  9    XL:     2   Next: 79%
Magic:  5/5        EV: 13    Int: 15    God:
Gold:   10         SH:  0    Dex: 12    Spells: 4/5 levels left

rFire    . . .     SeeInvis .     - Unarmed
rCold    . . .     Faith    .   (no shield)
rNeg     . . .     Spirit   .   (helmet restricted)
rPois    .         Reflect  .   (no amulet)
rElec    .         Harm     .   (no ring)
rCorr    .         Rampage  .   (no ring)
Will     .....                  (no ring)
Stlth    +++.......             (no ring)
HPRegen  0.06/turn              (no ring)
MPRegen  0.09/turn              (no ring)
                                (no ring)
                                (no ring)

@: lethally poisoned (0 -> -16)
A: almost no armour, stealthy swim, amphibious, 8 rings, constrict 8, camouflage
1, gelatinous body 1
a: no special abilities


You were on level 4 of the Dungeon.
You visited 1 branch of the dungeon, and saw 4 of its levels.

You collected 10 gold pieces.

Inventory:

Potions
 b - a potion of cancellation


   Skills:
 - Level 1.0 Fighting
 - Level 2.0 Dodging
 + Level 1.5 Stealth
 * Level 3.7 Unarmed Combat
 - Level 2.0 Spellcasting
 - Level 2.0 Transmutations


You had 4 spell levels left.
You knew the following spells:

 Your Spells              Type           Power        Failure   Level
a - Beastly Appendage     Tmut           14%          10%         1

Your spell library contained the following spells:

 Spells                   Type           Power        Failure   Level
 Wereblood                Tmut           7%           14%         2
 Spider Form              Tmut/Pois      2%           41%         3
 Ice Form                 Ice/Tmut       4%           82%         4
 Blade Hands              Tmut           3%           95%         5


Dungeon Overview and Level Annotations

Branches:
Dungeon (4/15)
 Temple: D:4-7

Altars:
Qazlal

Annotations:
D:4 1 runed translucent door, tinescath's ghost, weakling DEFE


Innate Abilities, Weirdness & Mutations

You cannot wear most types of armour.
You are very stealthy in the water. (Stealth+)
You are amphibious.
You can wear up to eight rings at the same time.
You can use your tentacles to constrict eight enemies at once.
Your skin changes colour to match your surroundings (Stealth+).
Your rubbery body absorbs attacks. (AC +1, EV +1)


Message History

There is an open door here.
There is a stone staircase leading down here.
Unknown command.
You climb downwards.
Found an arbalest, 10 gold pieces and 22 arrows.
Found a runed translucent door.
There is a stone staircase leading up here.
Unknown command.
Tinescath's ghost turns its malevolent gaze towards you.
Tinescath's ghost whispers, "Death is liberation."
Found an ancient helmet.
You now have 10 gold pieces.
A gnoll comes into view.
A gnoll is nearby!
An adder comes into view.
A gnoll comes into view. It is wielding a +0 spear of venom.
The gnoll shouts!
A gnoll comes into view. It is wielding a +0 spear.
A gnoll comes into view.
Found a scroll labelled SIRUOD HOLUECAFEGG.
The gnoll shouts! x2
An adder comes into view.
The gnoll hits you from afar with a +0 spear of venom.
You are poisoned.
You feel sick.
The gnoll hits you with a +0 spear of venom!
You are more poisoned.
You are too injured to fight recklessly!
Unknown command.
You feel sick. The gnoll barely misses you.
* * * LOW HITPOINT WARNING * * *
You feel sick.
* * * LOW HITPOINT WARNING * * *
You feel sick.
The gnoll shouts!
Okay, then.
* * * LOW HITPOINT WARNING * * *
You feel sick.
* * * LOW HITPOINT WARNING * * *
You feel sick.
You die...

# .......##.#...##
...##.............###
........)..###...##.##
.......<..##.........#
#......#............#
#..##..##....##....[####
# #..##.......#.......##
...##.................#
.........##+##@.........
..........#.(W#......#.##
.....#.#.##♣8♣#g...### #
###.#. #####....#
###....S..## ......g.g##
##.......# #.....g#..#
###.......#


You could see 4 gnolls and an adder.

Vanquished Creatures
  An adder (D:3)
  A dart slug (D:1)
  2 goblins (D:3)
  2 jackals (D:3)
  A bat (D:3)
  2 kobolds (D:3)
  A rat (D:2)
10 creatures vanquished.

Notes
Turn   | Place    | Note
-------+----------+-------------------------------------------
     0 | D:1      | dickylongcocking the Octopode Transmuter began the quest
                  | for the Orb.
     0 | D:1      | Reached XP level 1. HP: 13/13 MP: 3/3
   108 | D:2      | You fall into a shaft and drop 1 floor!
   118 | D:3      | Reached skill level 1 in Stealth
   118 | D:3      | Reached XP level 2. HP: 16/18 MP: 5/5
   272 | D:3      | Found a stormy altar of Qazlal.
   414 | D:4      | Found a runed translucent door.
   414 | D:4      | Noticed tinescath's ghost (weakling DEFE)
   440 | D:4      | Succumbed to a gnoll's poison

Illustrated notes

Levels and vault maps discovered:
D:1:      mushboom_english_gardens, layout_basic, minmay_shallow_snake_nest
D:2:      layout_loops_corners, okawaru_ov_weapons_minmay, minitemple,
          uniq_terence, uniq_natasha, uniq_jessica
D:3:      layout_basic, marbit_many_paths, grunt_qazlal_clouds
D:4:      layout_cave_pools, old_standard_altar, gammafunk_ghost_grave,
          corexii_shack, uniq_blork_the_orc

Skill      XL: |  1 |
---------------+----+-----
Stealth        | 1 |  1.5
Fighting       | |  1.0
Dodging        | |  2.0
Unarmed Combat | |  3.7
Spellcasting   | |  2.0
Transmutations | |  2.0

Action                   || total
-------------------------++-------
Melee: Unarmed           ||    21
       Constrict         ||     7
       Tentacles         ||     4
  Use: Scroll            ||     1
 Stab: Sleeping          ||     4
Dodge: Dodged            ||    16

Table legend: (Time is in decaauts)
 A = Elapsed time spent in this place.
 B = Non-inter-level travel time spent in this place.
 C = Inter-level travel time spent in this place.
 D = Time resting spent in this place.
 E = Time spent auto-exploring this place.
 F = Levels seen in this place.
 G = Mean time per level.
                   A        B        C        D        E       F      G
               +--------+--------+--------+--------+--------+-----+--------+
         Total |    438 |    415 |     23 |      0 |    322 |   4 |  109.5 |
       Dungeon |    438 |    415 |     23 |      0 |    322 |   4 |  109.5 |
               +--------+--------+--------+--------+--------+-----+--------+

Top non-repeatable levels by time:
     D:3: 304 daAuts
     D:1: 64 daAuts
     D:2: 42 daAuts
     D:4: 25 daAuts
